 Dungeon Crawl Stone Soup version 0.29.1-15-g9cfb28693d (webtiles) character file.

Game seed: 9721832348810577807

2758360 LustLizard the Heavyweight Champion (level 27, 287/287 HPs)
             Began as a Troll Fighter on Apr 11, 2023.
             Was the Champion of Jiyva.
             Escaped with the Orb
             ... and 4 runes!
             The game lasted 02:37:37 (54197 turns).

LustLizard the Heavyweight Champion (TrFi)         Turns: 54197, Time: 02:37:38

Health: 287/287    AC: 33    Str: 41      XL:     27
Magic:  31/31      EV: 18    Int: 19 (21) God:    Jiyva [******]
Gold:   2413       SH: 28    Dex:  9      Spells: 26/26 levels left

rFire   + + +      SeeInvis .     - Unarmed
rCold   + + +      Faith    .   O - +4 tower shield of Oblivion {rC++ rCorr Str-3 Dex+2}
rNeg    . . .      Spirit   .   o - +9 gold dragon scales
rPois   +          Reflect  +   s - +2 hat
rElec   +          Harm     .   T - +2 cloak {Will+}
rCorr   +          Rampage  +   (gloves unavailable)
Will    +++++                   (boots unavailable)
Stlth   ..........              h - amulet of the Chupacabra {Reflect Rampage MP+9 Int+6 SH+5}
HPRegen 3.77/turn               B - ring of the Hare {EV+8}
MPRegen 0.72/turn               V - ring "Copit" {rF++ Will+ Int+3 Stlth+}

@: hasted, studying Transmutations, very quick
A: large, unfitting armour, claws 3, regeneration 2, shaggy fur 1, tough skin 1,
antennae 1, hooves 1, clever 2, cold resistance 1, strong-willed 1, electricity
resistance, strong 2, gelatinous body 2, pseudopods 2, evolution 1, MP-powered
wands, engulf
0: Orb of Zot
}: 4/15 runes: serpentine, barnacled, slimy, silver
a: Renounce Religion, Oozemancy, Slimify


You escaped.
You worshipped Jiyva.
Jiyva was exalted by your worship.
You visited 11 branches of the dungeon, and saw 53 of its levels.
You visited the Abyss 2 times.
You also visited: Sewer, Ice Cave and Volcano.

You collected 6080 gold pieces.
You spent 3667 gold pieces at shops.

Inventory:

Hand Weapons
 A - a +8 broad axe of flaming
Missiles
 d - 22 boomerangs
 m - 4 throwing nets
 q - 26 poisoned darts
 x - 4 curare-tipped darts
 Y - 16 atropa-tipped darts
Armour
 n - the +12 fire dragon scales of True Grit {rF++ rC- rCorr Str-4 Dex+6 Stlth+}
   (You acquired it on level 2 of the Depths)

   Str:       It affects your strength (-4).
   Dex:       It affects your dexterity (+6).
   rF:        It greatly protects you from fire.
   rC:        It makes you vulnerable to cold.
   rCorr:     It protects you from acid and corrosion.
   Stlth:     It makes you more stealthy.
 o - +9 gold dragon scales (worn)
 s - a +2 hat (worn)
 O - the +4 tower shield of Oblivion (worn) {rC++ rCorr Str-3 Dex+2}
   (You bought it in a shop on level 12 of the Dungeon)

   Str:       It affects your strength (-3).
   Dex:       It affects your dexterity (+2).
   rC:        It greatly protects you from cold.
   rCorr:     It protects you from acid and corrosion.
 T - a +2 cloak of willpower (worn)
Jewellery
 a - a +4 ring of protection
 h - the amulet of the Chupacabra (around neck) {Reflect Rampage MP+9 Int+6 SH+5}
   (You acquired it on level 1 of the Shoals)

   [amulet of reflection]

   It reflects blocked missile attacks.
   Int:       It affects your intelligence (+6).
   MP:        It affects your magic capacity (+9).
   SH:        It affects your SH (+5).
   Rampage:   It bestows one free step when moving towards enemies.
 t - the ring of the Iron Devil {Fly rC+}
   (You bought it in a shop on level 2 of the Vaults)

   [ring of flight]

   rC:        It protects you from cold.
   Fly:       It grants you flight.
 w - the ring "Qileitt" {rC+ rCorr Int+4}
   (You found it on level 3 of the Elven Halls)

   [ring of resist corrosion]

   Int:       It affects your intelligence (+4).
   rC:        It protects you from cold.
   rCorr:     It protects you from acid and corrosion.
 B - the ring of the Hare (left claw) {EV+8}
   (You found it on level 5 of the Vaults)

   [ring of evasion]

   EV:        It affects your evasion (+8).
 E - a ring of positive energy
 V - the ring "Copit" (right claw) {rF++ Will+ Int+3 Stlth+}
   (You found it on level 5 of the Pits of Slime)

   [ring of willpower]

   Int:       It affects your intelligence (+3).
   rF:        It greatly protects you from fire.
   Will:      It increases your willpower.
   Stlth:     It makes you more stealthy.
Wands
 g - a wand of charming (34)
 i - a wand of quicksilver (13)
 l - a wand of digging (7)
 v - a wand of polymorph (16)
 J - a wand of iceblast (30) (quivered)
 M - a wand of flame (22)
 W - a wand of mindburst (3)
Scrolls
 f - 5 scrolls of silence
 j - 7 scrolls of poison
 p - 5 scrolls of teleportation
 r - 5 scrolls of fear
 D - a scroll of brand weapon
 F - 10 scrolls of immolation
 L - 7 scrolls of magic mapping
 Q - 2 scrolls of torment
 R - 5 scrolls of butterflies
 S - 3 scrolls of amnesia
 X - 2 scrolls of summoning
Potions
 c - 5 potions of might
 e - 8 potions of lignification
 k - 11 potions of flight
 z - 8 potions of brilliance
 C - 7 potions of cancellation
 G - 2 potions of heal wounds
 H - 4 potions of ambrosia
 I - 5 potions of curing
 K - a potion of haste
 N - a potion of resistance
 P - 2 potions of magic
 Z - 2 potions of invisibility
Miscellaneous
 b - a phial of floods
 u - a phantom mirror
 y - a box of beasts
 U - a lightning rod (4/4)


   Skills:
 + Level 19.0 Fighting
 - Level 8.6 Throwing
 * Level 16.0 Armour
 * Level 14.1 Dodging
 * Level 18.4 Shields
 O Level 27 Unarmed Combat
 + Level 16.1 Evocations


You had 26 spell levels left.
You didn't know any spells.
Your spell library contained the following spells:

 Spells                   Type           Power      Damage    Failure   Level
 Apportation              Tloc           0%         N/A       97%         1
 Foxfire                  Conj/Fire      0%         2x1d4     97%         1
 Freeze                   Ice            0%         1d3       97%         1
 Necrotise                Necr           0%         1d4       97%         1
 Shock                    Conj/Air       0%         1d3       97%         1
 Slow                     Hex            0%         N/A       97%         1
 Summon Small Mammal      Summ           0%         N/A       97%         1
 Blink                    Tloc           0%         N/A       99%         2
 Call Imp                 Summ           0%         N/A       99%         2
 Static Discharge         Conj/Air       0%         3-3/arc   99%         2
 Call Canine Familiar     Summ           0%         N/A       100%        3
 Confusing Touch          Hex            0%         N/A       100%        3
 Conjure Flame            Conj/Fire      0%         6-21      100%        3
 Frozen Ramparts          Ice            0%         1d1       100%        3
 Ignite Poison            Fire/Tmut/Pois 0%         N/A       100%        3
 Inner Flame              Hex/Fire       0%         N/A       100%        3
 Lesser Beckoning         Tloc           0%         N/A       100%        3
 Mephitic Cloud           Conj/Pois/Air  0%         N/A       100%        3
 Ozocubu's Armour         Ice            0%         N/A       100%        3
 Portal Projectile        Hex/Tloc       0%         N/A       100%        3
 Summon Guardian Golem    Hex/Summ       0%         N/A       100%        3
 Swiftness                Air            0%         N/A       100%        3
 Tukima's Dance           Hex            0%         N/A       100%        3
 Vampiric Draining        Necr           0%         2d6       100%        3
 Airstrike                Air            0%         2d(0-16)  100%        4
 Animate Armour           Summ/Erth      0%         N/A       100%        4
 Cause Fear               Hex            0%         N/A       100%        4
 Flame Wave               Conj/Fire      0%         2d4       100%        4
 Hailstorm                Conj/Ice       0%         3d3       100%        4
 Ice Form                 Ice/Tmut       0%         N/A       100%        4
 Leda's Liquefaction      Hex/Erth       0%         N/A       100%        4
 Passage of Golubria      Tloc           0%         N/A       100%        4
 Sticky Flame             Conj/Fire      0%         2d3       100%        4
 Summon Ice Beast         Ice/Summ       0%         N/A       100%        4
 Summon Lightning Spire   Summ/Air       0%         N/A       100%        4
 Agony                    Necr           0%         N/A       100%        5
 Blade Hands              Tmut           0%         N/A       100%        5
 Fireball                 Conj/Fire      0%         3d3       100%        5
 Freezing Cloud           Conj/Ice/Air   0%         6-21      100%        5
 Lee's Rapid Deconstruct  Erth           0%         3d5*      100%        5
 Lightning Bolt           Conj/Air       0%         1d11      100%        5
 Manifold Assault         Tloc           0%         N/A       100%        5
 Silence                  Hex/Air        0%         N/A       100%        5
 Yara's Violent Unravell  Hex/Tmut       0%         3d3       100%        5
 Conjure Ball Lightning   Conj/Air       0%         3x3d6     100%        6
 Iron Shot                Conj/Erth      0%         9d1       100%        6
 Statue Form              Tmut/Erth      0%         N/A       100%        6
 Enfeeble                 Hex            0%         N/A       100%        7
 Malign Gateway           Summ/Tloc      0%         N/A       100%        7
 Orb of Destruction       Conj           0%         9d5       100%        7
 Ozocubu's Refrigeration  Ice            0%         4d7       100%        7
 Spellforged Servitor     Conj/Summ      0%         N/A       100%        7
 Storm Form               Tmut/Air       0%         N/A       100%        7
 Borgnjor's Revivificati  Necr           0%         N/A       100%        8
 Discord                  Hex            0%         N/A       100%        8
 Lehudib's Crystal Spear  Conj/Erth      0%         10d2      100%        8
 Maxwell's Capacitive Co  Air            0%         ∞         100%        8
 Necromutation            Tmut/Necr      0%         N/A       100%        8
 Summon Horrible Things   Summ           0%         N/A       100%        8
 Chain Lightning          Conj/Air       0%         N/A       100%        9
 Death's Door             Necr           0%         N/A       100%        9
 Shatter                  Erth           0%         3d5*      100%        9


Dungeon Overview and Level Annotations

Branches:
Dungeon (15/15)            Temple (1/1) D:5            Lair (5/5) D:8
 Shoals (4/4) Lair:3        Snake (4/4) Lair:2        Slime (5/5) Lair:5
    Orc (2/2) D:12            Elf (3/3) Orc:2        Vaults (5/5) D:14
  Crypt (0/3) Vaults:3     Depths (4/4) D:15            Zot (5/5) Depths:4
  Sewer (visited)           IceCv (visited)         Volcano (visited)

Altars:
Ashenzari
Cheibriados
Elyvilon
Fedhas
Gozag
Hepliaklqana
Kikubaaqudgha
Makhleb
Nemelex Xobeh
Okawaru
Qazlal
Ru
Sif Muna
Trog
Uskayaw
Vehumet
Yredelemnul
Zin
The Shining One
Jiyva

Shops:
D:4 :   D:7 *   D:12 ([(   Orc:2 *[**=*?(   Elf:2 !   Snake:2 :=:   Vaults:2 *

Portals:
Hell: Depths:1 Depths:2 Depths:3 Depths:4
Abyss: Depths:3
Pandemonium: Depths:2
Ziggurat: Depths:3

Annotations:
D:10 1 runed translucent door, hawla's ghost, journeyman MeFE
Snake:1 2 transporters, exclusion: orange crystal statue
Slime:5 Royal Jelly


Innate Abilities, Weirdness & Mutations

You are too large for most types of armour.
You have claws for hands.
You heal very quickly.
You are covered in fur. (AC +1)
You have tough skin. (AC +1)
You have a pair of small antennae on your head.
You have large cloven feet.
Your mind is very acute. (Int +8, Str/Dex -2)
Your flesh is cold resistant. (rC+)
You are strong-willed. (Will+)
You are resistant to electric shocks. (rElec)
Your muscles are very strong. (Str +8, Int/Dex -2)
Your pliable body absorbs attacks. (AC +2, EV +2)
Armour fits poorly on your large pseudopods.
You have hidden genetic potential.
You expend magic power (3 MP) to strengthen your wands.
Your melee attacks may engulf your foes in ooze.


Message History

There is a stone staircase leading down here.
There is an open door here.
An Orb Guardian comes into view.
You hear a distant slurping noise.
An Orb Guardian comes into view.
You feel yourself speed up. You block the Orb Guardian's attack.
There is a stone staircase leading up here.
You climb upwards.
There is a stone staircase leading down here.
There is a stone staircase leading up here.
You climb upwards.
There is a stone staircase leading down here.
Your extra speed is starting to run out.
You see here a +0 mace.
There is a stone staircase leading up here.
You feel yourself slow down.
You climb upwards.
There is a stone staircase leading down here.
There is an escape hatch in the ceiling here.
A mysterious force pulls you upwards. The hatch slams shut behind you.
There is a stone staircase leading up here.
You climb upwards.
There is a stone staircase leading down here.
There is a stone staircase leading up here.
You climb upwards.
There is a stone staircase leading down here.
You see here a +0 club.
A demonspawn blood saint, a blizzard demon and a demonspawn warmonger come into view.
The demonspawn warmonger is wielding a +2 glaive of freezing and wearing a +4 chain mail of cold resistance.
You feel yourself speed up.
The blizzard demon shouts!
The demonspawn warmonger shouts!
The blizzard demon waves its arms in wide circles.
The air twists around and strikes you.
The demonspawn blood saint calls on the powers of chaos!
The blizzard demon seems to speed up.
The demonspawn warmonger goes berserk!
The blizzard demon waves its arms in wide circles.
The air twists around and strikes you.
There is a staircase leading out of the dungeon here.
You block the demonspawn warmonger's attack.
You have escaped!

.......#.###....≈≈............÷~~
##...#.#.)...#..≈≈..........#~~~~
#.#.#.####..#.#≈≈#........##.~~~
##.#....###..###≈≈###.##.#.##.~≈.
...#.6...##....##≈≈≈####.....~..~
#.........##.#.####≈# #######~≈~
..........##......### ##≈~~≈
.........6#.....### ##≈≈≈≈.
...........2..6.@# #≈#≈≈≈≈≈~
.##.).....#..##.># #≈≈≈≈≈≈~~
###..(......###### #######..
..............###### #.#
...........##......# #.#
####.......#######.# #.# ##
##......# #.# #.# .#############
#.#### #.# #.....##.....#
#....#### #.#


You could see a demonspawn warmonger (berserk), a demonspawn blood saint and a
blizzard demon (fast).

Vanquished Creatures
  6 dread liches
  Mara (Shoals:4)
  7 orbs of fire (Zot:5)
  Mennas (Vaults:5)
  5 juggernauts
  Boris (twice) (Depths:4 Vaults:5)
  Sojobo (Vaults:5)
  Bai Suzhen (Vaults:3)
  3 Killer Klowns (Zot:5)
  Saint Roka (Depths:2)
  3 curse toes
  Nikola (Snake:4)
  the Enchantress (Depths:2)
  12 golden dragons
  4 bone dragons
  The ghost of Seidenschwarz the Executioner, an adept MiFi of Okawaru (Elf:3)
  A Tzitzimitl (Zot:3)
  Rupert (Lair:2)
  3 doom hounds (Zot:3)
  A hellephant (Abyss:2)
  4 electric golems
  26 tentacled monstrosities
  Mlioglotl (Snake:3)
  23 Orb Guardians (Zot:5)
  5 liches
  A walking earthen tome (Depths:3)
  3 deep elf master archers (Elf:3)
  Asterion (Vaults:3)
  4 deep elf blademasters
  4 quicksilver dragons
  Grunn (Zot:3)
  Polyphemus (Shoals:4)
  3 titans (Vaults:5)
  6 death cobs
  5 sphinxes
  13 tengu reavers
  2 Executioners
  4 tentacled starspawn
  13 storm dragons
  Agnes (Snake:1)
  Donald (Orc:2)
  6 draconian monks
  11 shadow dragons
  8 fire giants
  A revenant (Abyss:2)
  5 draconian knights
  Roxanne (Snake:3)
  11 frost giants
  10 nagarajas
  2 iron dragons
  3 deep elf sorcerers (Elf:3)
  Louise (Elf:1)
  5 draconian scorchers
  16 vault wardens
  2 cacodemons
  6 draconian stormcallers
  An angel (Abyss:3)
  3 deep elf elementalists (Elf:3)
  4 spriggan defenders (Depths:2)
  Aizul (Lair:2)
  8 draconian shifters
  7 ghost moths
  2 war gargoyles
  30 very ugly things
  5 ironbound thunderhulks
  22 ironbound preservers
  6 caustic shrike skeletons (Depths:2)
  8 draconian annihilators
  A reaper (Zot:3)
  16 green draconians
  13 stone giants
  Nessos (Orc:2)
  A putrid mouth (Zot:3)
  Azrael (D:14)
  6 black draconians
  2 vampire knights
  A lorocyproca (Abyss:2)
  7 yellow draconians
  10 purple draconians
  11 deep elf annihilators
  2 minotaurs (Shoals:4)
  2 deep elf demonologists (Elf:3)
  13 red draconians
  10 dire elephants
  2 spark wasps (Depths:3)
  The ghost of Kes the Spear-Bearer, a journeyman HOAK of Lugonu (Lair:3)
  8 white draconians
  7 deep elf death magi
  4 merfolk impalers
  9 ettins
  Josephine (Orc:2)
  8 fire dragons
  3 merfolk javelineers
  13 yaktaur captains
  4 deep elf high priests
  3 salamander tyrants
  6 boulder beetles
  Erolcha (D:9)
  9 rakshasas
  5 ice dragons
  2 hydras
  3 ogre magi
  7 merfolk aquamancers
  A hell beast (D:12)
  2 peacekeepers
  7 spriggan air magi
  A death knight (Abyss:3)
  36 vault guards
  An anaconda (shapeshifter) (Vaults:5)
  28 dancing weapons
  14 centaur warriors
  6 two-headed ogres
  A catoblepas (Shoals:4)
  11 ironbound frosthearts
  19 naga warriors
  17 anacondas
  2 hell hogs (Abyss:2)
  3 deep troll shamans
  23 death yaks
  19 satyrs
  5 tengu warriors
  A titan zombie (Abyss:2)
  7 spriggan berserkers
  5 deep troll earth magi
  21 naga sharpshooters
  7 orc high priests
  8 thrashing horrors
  9 shock serpents
  14 hell knights
  21 deep elf knights
  A soul eater (Depths:4)
  2 sixfirhies
  2 iron trolls
  4 salamander mystics
  A fire crab (D:12)
  5 wretched stars
  18 sea snakes
  A steelbarb worm (shapeshifter) (Elf:3)
  A shadow demon (Depths:3)
  7 spriggan druids (Depths:2)
  64 deep trolls
  2 spatial maelstroms
  3 flayed ghosts
  3 orb spiders
  13 deep elf archers
  A swamp dragon (Lair:5)
  13 wizards
  5 phantasmal warriors (Vaults:5)
  5 naga ritualists
  17 ironbound convokers
  11 lindwurms
  5 necromancers
  An obsidian statue (Zot:5)
  14 orc knights
  25 deep elf zephyrmancers
  11 harpies
  22 deep elf pyromancers
  9 mana vipers
  45 ugly things
  A wolf spider (Lair:5)
  4 orc sorcerers
  25 fauns
  2 worldbinders
  25 salamanders
  11 elephants
  A cyclops (shapeshifter) (Vaults:5)
  A black mamba (shapeshifter) (Elf:3)
  5 cyclopes
  15 manticores
  7 merfolk sirens
  44 black mambas
  22 naga magi
  A moth of wrath (shapeshifter) (Elf:3)
  Maurice (D:9)
  20 moths of wrath
  13 vault sentinels
  A torpor snail (Lair:3)
  2 water nymphs (Shoals:3)
  An orange demon (Abyss:2)
  An ice statue (IceCv)
  A molten gargoyle (Volcano)
  Maggie (Lair:2)
  8 guardian serpents
  2 gargoyles
  10 smoke demons
  3 centaur skeletons (D:15)
  5 komodo dragons
  A hellion (Abyss:2)
  3 rime drakes
  15 cane toads
  4 unseen horrors
  48 yaktaurs
  A demonic crawler (Abyss:2)
  3 freezing wraiths
  3 tormentors
  An unseen horror (shapeshifter) (Elf:3)
  3 kobold demonologists
  5 tengu conjurers
  5 efreet
  An ice devil (Abyss:2)
  A silent spectre (Abyss:2)
  7 ancient zymes
  3 meliai (D:14)
  2 red devils
  A troll (D:9)
  A wolf spider simulacrum (D:15)
  25 merfolk
  A queen bee (Lair:3)
  4 wind drakes
  15 polar bears
  30 blink frogs
  A tarantella (shapeshifter) (Elf:3)
  21 hornets
  16 raiju
  2 tarantellas (Zot:1)
  Grinder (D:4)
  13 large abominations
  2 snapping turtles
  A jumping spider (Zot:1)
  A centaur simulacrum (D:15)
  A spriggan (shapeshifter) (Elf:3)
  18 water elementals
  5 starcursed masses
  11 wraiths
  A yak (shapeshifter) (Elf:1)
  71 yaks
  39 spriggans (Depths:2)
  2 shadows
  A ynoxinul (Abyss:2)
  4 fire elementals
  Eustachio (D:6)
  4 air elementals (Elf:1)
  12 wyverns
  2 basilisks
  A black mamba skeleton (Abyss:2)
  4 neqoxecs
  11 humans (D:14)
  A fire bat (Volcano)
  4 steam dragons
  2 death yak simulacra (Lair:3)
  2 redbacks (Lair:5)
  18 vampire mosquitoes
  2 chaos spawn
  3 wargs (Orc:2)
  6 acid dragons
  5 spatial vortices
  25 water moccasins
  57 nagas
  7 hell hounds
  45 orc warriors
  A swamp drake (Lair:5)
  A black bear (D:8)
  4 ogres
  24 wolves
  2 centaurs (D:7)
  A bullfrog (shapeshifter) (Elf:3)
  A kobold brigand (D:8)
  8 bullfrogs
  A cane toad simulacrum (Lair:3)
  3 gnoll sergeants
  6 earth elementals
  5 scorpions
  7 wights
  16 killer bees
  An elephant simulacrum (Lair:3)
  4 howler monkeys
  An electric eel (Elf:1)
  4 jellies
  9 lava snakes (Volcano)
  A quasit (Abyss:2)
  11 small abominations
  2 hounds
  An iron imp (Abyss:2)
  A gnoll bouda (D:8)
  23 orc priests
  4 iguanas (Lair:5)
  19 orc wizards
  17 gnolls
  11 adders
  A river rat (Sewer)
  4 white imps
  3 ufetubi
  2 worms (D:3)
  4 dart slugs
  73 orcs
  4 bats
  11 endoplasms
  5 giant cockroaches
  4 goblins
  4 hobgoblins
  3 jackals (D:2)
  A quokka (D:4)
  11 ball pythons
  4 frilled lizards
  16 kobolds
  9 rats
  A lurking horror (Abyss:3)
  A plant (Lair:5)
  3 starspawn tentacles (Abyss:2)
2348 creatures vanquished.

Vanquished Creatures (collateral kills)
  A curse toe (Zot:4)
  2 Orb Guardians (Zot:5)
  An orc warlord (Vaults:1)
  A salamander (Snake:3)
  A molten gargoyle (Volcano)
6 creatures vanquished.

Vanquished Creatures (others)
  A sphinx (shapeshifter) (Vaults:5)
  A fire giant (Vaults:5)
  A draconian knight (Zot:3)
  An ironbound thunderhulk (Vaults:4)
  6 great orbs of eyes
  A yaktaur captain (Vaults:4)
  A centaur warrior (D:15)
  2 deep elf knights
  A sea snake (shapeshifter) (Vaults:5)
  A deep troll (Vaults:2)
  A salamander mystic (Snake:4)
  2 naga ritualists (Snake:4)
  4 glowing orange brains
  A swamp dragon (shapeshifter) (Elf:2)
  An ironbound convoker (Vaults:2)
  A lindwurm (Vaults:2)
  An orc knight (Vaults:1)
  2 ugly things
  A shining eye (Abyss:2)
  A manticore (D:15)
  A naga mage (Snake:4)
  2 eyes of devastation (Abyss:3)
  3 vault sentinels
  2 black mambas (Snake:4)
  A guardian serpent (Snake:4)
  A smoke demon (Abyss:3)
  An orange demon (Abyss:2)
  A large abomination (Abyss:3)
  4 yaktaurs (Vaults:4)
  2 tengu conjurers
  29 slime creatures
  2 spriggans (Depths:2)
  A yak (D:9)
  A steam dragon (D:6)
  A basilisk (D:15)
  A golden eye (shapeshifter) (Abyss:2)
  A floating eye (Depths:1)
  3 nagas (Snake:4)
  A water moccasin (Lair:1)
  2 orc warriors
  A black bear (shapeshifter) (Elf:3)
  A necrophage (D:6)
  A scorpion (D:8)
  2 killer bees
  305 jellies
  2 orc priests
  4 orc wizards
  2 gnolls (D:8)
  A shadow imp (Abyss:2)
  12 orcs
  A ball python (Sewer)
  A kobold (D:7)
  3 foxfires (Abyss:2)
  132 fungi
  A lurking horror (Abyss:3)
  304 plants
  3 starspawn tentacles (Abyss:2)
867 creatures vanquished.

Grand Total: 3221 creatures vanquished

Notes
Turn   | Place    | Note
-------+----------+-------------------------------------------
     0 | D:1      | LustLizard the Troll Fighter began the quest for the Orb.
     0 | D:1      | Reached XP level 1. HP: 22/22 MP: 0/0
     9 | D:1      | Reached XP level 2. HP: 29/29 MP: 1/1
   281 | D:1      | Reached XP level 3. HP: 36/36 MP: 2/2
   737 | D:2      | Found a faded altar of an unknown god.
   783 | D:2      | Found a sparkling altar of Nemelex Xobeh.
   828 | D:2      | Reached skill level 3 in Unarmed Combat
  1088 | D:3      | Noticed a scorpion
  1113 | D:3      | Reached XP level 4. HP: 41/44 MP: 3/3
  1144 | D:3      | Found a hide-covered altar of Uskayaw.
  1291 | D:3      | Found an opulent altar of Gozag.
  1411 | D:3      | Reached skill level 1 in Throwing
  1422 | D:3      | Found a glowing silver altar of Zin.
  1422 | D:3      | Found a glowing golden altar of the Shining One.
  1422 | D:3      | Found a white marble altar of Elyvilon.
  1560 | D:3      | Killed a scorpion
  1561 | D:3      | Reached XP level 5. HP: 53/53 MP: 4/4
  1830 | D:3      | Found a burning altar of Makhleb.
  2217 | D:4      | Reached skill level 4 in Unarmed Combat
  2407 | D:4      | Found a hazy altar of Hepliaklqana.
  2411 | D:4      | Found Nicluenu's Vocational Training.
  2586 | D:4      | Reached XP level 6. HP: 45/61 MP: 5/5
  2732 | D:4      | Noticed Grinder
  2738 | D:4      | Paralysed by Grinder for 5 turns
  2751 | D:4      | Killed Grinder
  2752 | D:4      | Reached skill level 5 in Unarmed Combat
  2752 | D:4      | Reached XP level 7. HP: 56/68 MP: 6/6
  3234 | D:5      | Entered Level 5 of the Dungeon
  3247 | D:5      | Found a stormy altar of Qazlal.
  3394 | D:5      | Found a staircase to the Ecumenical Temple.
  3419 | Temple   | Entered the Ecumenical Temple
  3581 | D:5      | Found a glowing drain.
  3604 | Sewer    | Entered a sewer
  3755 | Sewer    | Found a viscous altar of Jiyva.
  3764 | Sewer    | Became a worshipper of Jiyva Jeleublo the Shapeless
  4039 | D:5      | Reached skill level 6 in Unarmed Combat
  4379 | D:6      | Reached * piety under Jiyva
  4614 | D:6      | Reached ** piety under Jiyva
  4618 | D:6      | Noticed a steam dragon
  4658 | D:6      | Killed a steam dragon
  4677 | D:6      | Identified the +4 war axe "Vioxkug" {vorpal, Int+6 SInv}
  4680 | D:6      | Noticed Eustachio
  4720 | D:6      | Killed Eustachio
  4721 | D:6      | Reached XP level 8. HP: 78/78 MP: 7/7
  4776 | D:6      | Reached skill level 1 in Evocations
  5288 | D:7      | Found a shimmering blue altar of Sif Muna.
  5363 | D:7      | Reached skill level 5 in Shields
  5402 | D:7      | Found Texuocoekhlio's General Store.
  5411 | D:7      | Reached skill level 7 in Unarmed Combat
  5440 | D:7      | Found Taguvoyt's Specific Store.
  5444 | D:7      | Bought a scroll of identify for 22 gold pieces
  5449 | D:7      | Bought a scroll of teleportation for 42 gold pieces
  5452 | D:7      | Noticed a kobold demonologist
  5562 | D:7      | Reached *** piety under Jiyva
  5569 | D:7      | Gained mutation: You are covered in slimy tendrils that may
                  | disarm your opponents. [Jiyva's grace]
  5569 | D:7      | Gained mutation: You have very sharp teeth. [Jiyva's grace]
  5569 | D:7      | Gained mutation: You have extremely sharp teeth. [Jiyva's
                  | grace]
  5569 | D:7      | Gained mutation: You have razor-sharp teeth. [Jiyva's
                  | grace]
  5630 | D:7      | Noticed a kobold demonologist
  5671 | D:7      | Killed a kobold demonologist
  5672 | D:7      | Reached XP level 9. HP: 77/87 MP: 8/8
  5676 | D:7      | Killed a kobold demonologist
  5677 | D:7      | Reached skill level 5 in Fighting
  5837 | D:7      | Got Uciuq's Secrets of the Gelid Commander
  6385 | D:8      | Found a broken altar of Ashenzari.
  6402 | D:8      | Reached skill level 8 in Unarmed Combat
  6590 | D:8      | Reached skill level 5 in Throwing
  6599 | D:8      | Reached skill level 9 in Unarmed Combat
  6630 | D:8      | Found a staircase to the Lair.
  6689 | D:8      | Reached XP level 10. HP: 96/98 MP: 9/9
  6823 | D:8      | Reached **** piety under Jiyva
  7353 | D:9      | Identified the +0 robe of a bazaar {rN+ Str+6}
  7418 | D:9      | Noticed a two-headed ogre
  7441 | D:9      | Killed a two-headed ogre
  7625 | D:9      | Noticed Erolcha
  7627 | D:9      | Noticed Maurice
  7693 | D:9      | Killed Erolcha
  7694 | D:9      | Reached skill level 10 in Unarmed Combat
  7752 | D:9      | Killed Maurice
  7858 | D:9      | Gained mutation: Your spells are a little harder to cast,
                  | but a little more powerful. [Jiyva's grace]
  7858 | D:9      | Gained mutation: Your spells are harder to cast, but more
                  | powerful. [Jiyva's grace]
  7858 | D:9      | Gained mutation: Your spells are much harder to cast, but
                  | much more powerful. [Jiyva's grace]
  7858 | D:9      | Gained mutation: You passively map a small area around you.
                  | [Jiyva's grace]
  7947 | D:10     | Entered Level 10 of the Dungeon
  7981 | D:10     | Reached ***** piety under Jiyva
  8123 | D:10     | Noticed a gargoyle
  8129 | D:10     | Killed a gargoyle
  8193 | D:10     | Reached XP level 11. HP: 105/107 MP: 10/10
  8267 | D:10     | Found a sacrificial altar of Ru.
  8268 | D:10     | Lost mutation: You passively map a small area around you.
                  | [potion of mutation]
  8268 | D:10     | Lost mutation: You are covered in slimy tendrils that may
                  | disarm your opponents. [potion of mutation]
  8268 | D:10     | Gained mutation: You are agile. (Dex +4, Str/Int -1)
                  | [potion of mutation]
  8268 | D:10     | Gained mutation: You possess an exceptional clarity of
                  | mind. [potion of mutation]
  8268 | D:10     | Gained mutation: You expend magic power (3 MP) to
                  | strengthen your wands. [potion of mutation]
  8315 | D:10     | Noticed hawla's ghost (journeyman MeFE)
  8318 | D:10     | Found a runed translucent door.
  8458 | D:10     | Identified the +7 falchion of Sischuli {vorpal, +Blink
                  | rElec}
  8915 | D:11     | Lost mutation: You possess an exceptional clarity of mind.
                  | [Jiyva's grace]
  8915 | D:11     | Gained mutation: You have acidic saliva. [Jiyva's grace]
  8915 | D:11     | Gained mutation: Your translucent skin slightly reduces
                  | your foes' accuracy. (Stealth+) [Jiyva's grace]
  8915 | D:11     | Gained mutation: Your translucent skin reduces your foes'
                  | accuracy. (Stealth+) [Jiyva's grace]
  8915 | D:11     | Gained mutation: Your transparent skin significantly
                  | reduces your foes' accuracy. (Stealth+) [Jiyva's grace]
  8971 | D:11     | Reached skill level 11 in Unarmed Combat
  9372 | D:12     | Reached ****** piety under Jiyva
  9381 | D:12     | Found Hirph's Weapon Shoppe.
  9390 | D:12     | Killed a brown ugly thing
  9532 | D:12     | Noticed a cyan ugly thing
  9543 | D:12     | Killed a cyan ugly thing
  9704 | D:12     | Reached skill level 5 in Evocations
  9861 | D:12     | Found a staircase to the Orcish Mines.
  9901 | D:12     | Found Penus's Antique Armour Boutique.
  9910 | D:12     | Bought a pitted tower shield for 256 gold pieces
  9910 | D:12     | Identified the +4 tower shield of Oblivion {rC++ rCorr
                  | Str-3 Dex+2} (You bought it in a shop on level 12 of the
                  | Dungeon)
  9980 | D:12     | Found Raehi Ehoot's Weapon Boutique.
 10056 | D:12     | Noticed an ogre mage
 10056 | D:12     | Noticed a seven-headed hydra
 10226 | Lair:1   | Entered Level 1 of the Lair of Beasts
 10272 | Lair:1   | Reached skill level 12 in Unarmed Combat
 10272 | Lair:1   | Reached XP level 12. HP: 93/118 MP: 11/11
 10691 | Lair:1   | Lost mutation: You are agile. (Dex +4, Str/Int -1) [Jiyva's
                  | grace]
 10691 | Lair:1   | Lost mutation: Your transparent skin significantly reduces
                  | your foes' accuracy. (Stealth+) [Jiyva's grace]
 10691 | Lair:1   | Lost mutation: Your translucent skin reduces your foes'
                  | accuracy. (Stealth+) [Jiyva's grace]
 10691 | Lair:1   | Lost mutation: Your translucent skin slightly reduces your
                  | foes' accuracy. (Stealth+) [Jiyva's grace]
 10691 | Lair:1   | Lost mutation: You expend magic power (3 MP) to strengthen
                  | your wands. [Jiyva's grace]
 10691 | Lair:1   | Gained mutation: You have a small jelly attached to you
                  | that senses nearby items. [Jiyva's grace]
 10691 | Lair:1   | Gained mutation: Your flesh is cold resistant. (rC+)
                  | [Jiyva's grace]
 10691 | Lair:1   | Gained mutation: Your flesh is very cold resistant. (rC++)
                  | [Jiyva's grace]
 10691 | Lair:1   | Gained mutation: Your flesh is almost immune to the effects
                  | of cold. (rC+++) [Jiyva's grace]
 11083 | Lair:2   | Noticed a boulder beetle
 11100 | Lair:2   | Killed a boulder beetle
 11144 | Lair:2   | Found a staircase to the Snake Pit.
 11218 | Lair:2   | Found a dark tunnel.
 11245 | Lair:2   | Noticed Maggie
 11285 | Lair:2   | Reached skill level 13 in Unarmed Combat
 11337 | Lair:2   | Killed Maggie
 11374 | Volcano  | Entered a volcano
 11576 | Volcano  | Found a burning altar of Makhleb.
 11635 | Volcano  | Gained mutation: You are frail. (-10% HP) [a neqoxec]
 11637 | Volcano  | Gained mutation: Your body sometimes deteriorates upon
                  | taking damage. [a neqoxec]
 11752 | Volcano  | Lost mutation: You are frail. (-10% HP) [potion of
                  | mutation]
 11752 | Volcano  | Lost mutation: You have a small jelly attached to you that
                  | senses nearby items. [potion of mutation]
 11752 | Volcano  | Lost mutation: You have acidic saliva. [potion of mutation]
 11752 | Volcano  | Lost mutation: Your flesh is almost immune to the effects
                  | of cold. (rC+++) [potion of mutation]
 11753 | Volcano  | Lost mutation: Your body sometimes deteriorates upon taking
                  | damage. [potion of mutation]
 11753 | Volcano  | Lost mutation: Your spells are much harder to cast, but
                  | much more powerful. [potion of mutation]
 11753 | Volcano  | Lost mutation: You have razor-sharp teeth. [potion of
                  | mutation]
 11753 | Volcano  | Gained mutation: Your spells are much harder to cast, but
                  | much more powerful. [potion of mutation]
 12089 | Lair:2   | Reached XP level 13. HP: 128/128 MP: 12/12
 12090 | Lair:2   | Reached skill level 14 in Unarmed Combat
 12090 | Lair:2   | Reached XP level 14. HP: 140/140 MP: 13/13
 12402 | Lair:3   | Found a staircase to the Shoals.
 12410 | Lair:3   | Reached skill level 10 in Shields
 12410 | Lair:3   | Reached XP level 15. HP: 136/146 MP: 14/14
 12555 | Lair:3   | Found a frozen archway.
 12681 | IceCv    | Entered an ice cave
 12725 | IceCv    | Reached skill level 15 in Unarmed Combat
 13103 | IceCv    | Noticed a frost giant
 13160 | IceCv    | Killed a frost giant
 13613 | Lair:3   | Lost mutation: You have extremely sharp teeth. [Jiyva's
                  | grace]
 13613 | Lair:3   | Lost mutation: You have very sharp teeth. [Jiyva's grace]
 13613 | Lair:3   | Lost mutation: Your spells are much harder to cast, but
                  | much more powerful. [Jiyva's grace]
 13613 | Lair:3   | Gained mutation: You have acidic saliva. [Jiyva's grace]
 13613 | Lair:3   | Gained mutation: Your rubbery body absorbs attacks. (AC +1,
                  | EV +1) [Jiyva's grace]
 13613 | Lair:3   | Gained mutation: Your pliable body absorbs attacks. (AC +2,
                  | EV +2) [Jiyva's grace]
 13613 | Lair:3   | Gained mutation: Your gelatinous body deflects attacks. (AC
                  | +3, EV +3) [Jiyva's grace]
 13722 | Lair:3   | Found a transporter.
 13725 | Lair:3   | Found a transporter.
 13727 | Lair:3   | Noticed Kes's ghost (journeyman HOAK)
 13942 | Lair:3   | Killed Kes's ghost
 14089 | Lair:4   | Reached skill level 16 in Unarmed Combat
 14095 | Lair:4   | Reached skill level 10 in Fighting
 14914 | Lair:5   | Entered Level 5 of the Lair of Beasts
 15400 | Lair:5   | Found a staircase to the Slime Pits.
 15401 | Lair:5   | Found a viscous altar of Jiyva.
 15439 | Slime:1  | Entered Level 1 of the Pits of Slime
 15439 | Slime:1  | Noticed an acid blob
 15439 | Slime:1  | Noticed an acid blob
 15441 | Slime:1  | Noticed an acid blob
 15445 | Slime:1  | Noticed a rockslime
 15461 | Slime:1  | Noticed an acid blob
 15475 | Slime:1  | Noticed a rockslime
 15507 | Slime:2  | Noticed an acid blob
 15764 | Slime:3  | Noticed an acid blob
 15789 | Slime:3  | Noticed an acid blob
 15810 | Slime:3  | Noticed a rockslime
 15921 | Slime:5  | Entered Level 5 of the Pits of Slime
 15921 | Slime:5  | Noticed an acid blob
 15969 | Slime:5  | Noticed an acid blob
 16044 | Slime:5  | Noticed a rockslime
 16053 | Slime:5  | Noticed an acid blob
 16080 | Slime:5  | Noticed an acid blob
 16081 | Slime:5  | Noticed the Royal Jelly
 16086 | Slime:5  | Found a viscous altar of Jiyva.
 16090 | Slime:5  | Identified the +11 great sword of Kewav {vorpal, Will+
                  | Stlth+}
 16091 | Slime:5  | Noticed an acid blob
 16098 | Slime:5  | Got a slimy rune of Zot
 16099 | Slime:5  | Identified the ring "Copit" {rF++ Will+ Int+3 Stlth+}
 16104 | Slime:5  | Got Xygeah's Vellum of the Iron Map
 16112 | Slime:5  | Got the Disquisition on the Vapourous Inferno
 16122 | Slime:5  | Noticed an acid blob
 16123 | Slime:5  | Noticed an acid blob
 16134 | Slime:5  | Noticed an acid blob
 16341 | Lair:5   | Reached skill level 17 in Unarmed Combat
 16422 | Lair:5   | Reached XP level 16. HP: 161/161 MP: 15/15
 16768 | Lair:5   | Lost mutation: Your spells are harder to cast, but more
                  | powerful. [Jiyva's grace]
 16768 | Lair:5   | Gained mutation: Armour fits poorly on your pseudopods.
                  | [Jiyva's grace]
 16768 | Lair:5   | Gained mutation: Armour fits poorly on your large
                  | pseudopods. [Jiyva's grace]
 16768 | Lair:5   | Gained mutation: Armour fits poorly on your massive
                  | pseudopods. [Jiyva's grace]
 16768 | Lair:5   | Gained mutation: Your body has grown eyes which may confuse
                  | attackers. (Acc +3) [Jiyva's grace]
 17861 | D:12     | Noticed a storm dragon
 17871 | D:12     | Killed a storm dragon
 18017 | Orc:1    | Entered Level 1 of the Orcish Mines
 18234 | Orc:2    | Entered Level 2 of the Orcish Mines
 18617 | Orc:2    | Found Uholul's Assorted Antiques.
 18658 | Orc:2    | Reached skill level 18 in Unarmed Combat
 18716 | Orc:2    | Noticed Josephine
 18720 | Orc:2    | Found Weqinema's Assorted Antiques.
 18733 | Orc:2    | Killed Josephine
 18763 | Orc:2    | Bought a sedimented white potion for 21 gold pieces
 18763 | Orc:2    | Bought a scroll of teleportation for 72 gold pieces
 18806 | Orc:2    | Found Essesche's General Store.
 18812 | Orc:2    | Found Uclohoym's Armour Shoppe.
 18853 | Orc:2    | Bought a scroll of fear for 116 gold pieces
 18853 | Orc:2    | Bought a scroll of teleportation for 87 gold pieces
 18910 | Orc:2    | Noticed Nessos
 18920 | Orc:2    | Killed Nessos
 18949 | Orc:2    | Found a staircase to the Elven Halls.
 18952 | Orc:2    | Noticed Donald
 18965 | Orc:2    | Killed Donald
 19505 | Orc:2    | Found Daopn's Jewellery Shoppe.
 19508 | Orc:2    | Found Meilypp's Magic Scroll Emporium.
 19509 | Orc:2    | Found Mirghehe's Weapon Shoppe.
 19510 | Orc:2    | Found Uduet's Assorted Antiques.
 19516 | Orc:2    | Bought a scroll labelled MESSEU URY OLL for 30 gold pieces
 19516 | Orc:2    | Bought a scroll labelled SUODEP VAIGH for 30 gold pieces
 19516 | Orc:2    | Bought 2 silvery potions for 54 gold pieces
 19516 | Orc:2    | Bought a scroll labelled CUEMMY MUUT for 30 gold pieces
 19517 | Orc:2    | Bought a +4 ring of protection for 396 gold pieces
 19528 | Orc:2    | Bought a scroll of blinking for 105 gold pieces
 19528 | Orc:2    | Bought a scroll of identify for 28 gold pieces
 19528 | Orc:2    | Bought a scroll of identify for 28 gold pieces
 19528 | Orc:2    | Bought a scroll of enchant armour for 105 gold pieces
 19887 | D:13     | Lost mutation: Your spells are a little harder to cast, but
                  | a little more powerful. [Jiyva's grace]
 19887 | D:13     | Lost mutation: You have acidic saliva. [Jiyva's grace]
 19887 | D:13     | Lost mutation: Your gelatinous body deflects attacks. (AC
                  | +3, EV +3) [Jiyva's grace]
 19887 | D:13     | Gained mutation: Your body has grown many eyes which may
                  | confuse attackers. (Acc +5) [Jiyva's grace]
 19887 | D:13     | Gained mutation: Your body is covered in eyes which may
                  | confuse attackers. (Acc +7, SInv) [Jiyva's grace]
 19887 | D:13     | Gained mutation: You have a small jelly attached to you
                  | that senses nearby items. [Jiyva's grace]
 19887 | D:13     | Gained mutation: You are agile. (Dex +4, Str/Int -1)
                  | [Jiyva's grace]
 20219 | D:14     | Found a gate to the Vaults.
 20401 | D:14     | Noticed Azrael
 20425 | D:14     | Killed Azrael
 20756 | D:15     | Entered Level 15 of the Dungeon
 20801 | D:15     | Reached skill level 19 in Unarmed Combat
 21011 | D:15     | Reached XP level 17. HP: 172/172 MP: 16/16
 21023 | D:15     | Found a staircase to the Depths.
 21201 | D:15     | Lost mutation: Your body is covered in eyes which may
                  | confuse attackers. (Acc +7, SInv) [Jiyva's grace]
 21201 | D:15     | Gained mutation: You are partially covered in iridescent
                  | scales. (AC +2) [Jiyva's grace]
 21201 | D:15     | Gained mutation: You are mostly covered in iridescent
                  | scales. (AC +4) [Jiyva's grace]
 21201 | D:15     | Gained mutation: You are completely covered in iridescent
                  | scales. (AC +6) [Jiyva's grace]
 21201 | D:15     | Gained mutation: Your muscles are strong. (Str +4, Int/Dex
                  | -1) [Jiyva's grace]
 21401 | D:15     | Identified the +7 war axe of the Land of Plenty {venom,
                  | Dex+4}
 21439 | D:15     | Identified the +1 spear of Faez {freeze, rN+ Int+4}
 21756 | Shoals:1 | Entered Level 1 of the Shoals
 21864 | Shoals:1 | Identified a scroll of acquirement
 21865 | Shoals:1 | Acquired the amulet of the Chupacabra {Reflect Rampage MP+9
                  | Int+6 SH+5}
 22772 | Shoals:2 | Reached skill level 20 in Unarmed Combat
 22791 | Shoals:2 | Lost mutation: Your flesh is very cold resistant. (rC++)
                  | [Jiyva's grace]
 22791 | Shoals:2 | Gained mutation: Your translucent skin slightly reduces
                  | your foes' accuracy. (Stealth+) [Jiyva's grace]
 22791 | Shoals:2 | Gained mutation: Your translucent skin reduces your foes'
                  | accuracy. (Stealth+) [Jiyva's grace]
 22791 | Shoals:2 | Gained mutation: Your transparent skin significantly
                  | reduces your foes' accuracy. (Stealth+) [Jiyva's grace]
 22791 | Shoals:2 | Gained mutation: You are very agile. (Dex +8, Str/Int -2)
                  | [Jiyva's grace]
 23313 | Shoals:3 | Identified the +0 robe "Zituyg" {Str+6}
 23626 | Shoals:4 | Entered Level 4 of the Shoals
 23726 | Shoals:4 | Reached skill level 21 in Unarmed Combat
 23739 | Shoals:4 | Noticed Polyphemus
 23789 | Shoals:4 | Reached XP level 18. HP: 126/185 MP: 17/17
 23791 | Shoals:4 | Killed Polyphemus
 23797 | Shoals:4 | Noticed Mara
 23900 | Shoals:3 | Reached skill level 1 in Armour
 23911 | Shoals:4 | Noticed LustLizard's illusion
 24052 | Shoals:4 | Noticed LustLizard's illusion
 24168 | Shoals:4 | Noticed LustLizard's illusion
 24171 | Shoals:4 | Killed Mara
 24177 | Shoals:4 | Got a barnacled rune of Zot
 24179 | Shoals:4 | Identified the +6 long sword of Expedience {vorpal, Dex+5}
 24595 | Elf:1    | Entered Level 1 of the Elven Halls
 24598 | Elf:1    | Paralysed by an air elemental for 1 turns
 24607 | Elf:1    | Paralysed by an air elemental for 1 turns
 25051 | Elf:1    | Lost mutation: You are completely covered in iridescent
                  | scales. (AC +6) [Jiyva's grace]
 25051 | Elf:1    | Lost mutation: You are mostly covered in iridescent scales.
                  | (AC +4) [Jiyva's grace]
 25051 | Elf:1    | Lost mutation: Your muscles are strong. (Str +4, Int/Dex
                  | -1) [Jiyva's grace]
 25051 | Elf:1    | Lost mutation: Your pliable body absorbs attacks. (AC +2,
                  | EV +2) [Jiyva's grace]
 25051 | Elf:1    | Lost mutation: Your transparent skin significantly reduces
                  | your foes' accuracy. (Stealth+) [Jiyva's grace]
 25051 | Elf:1    | Gained mutation: You have a pair of small antennae on your
                  | head. [Jiyva's grace]
 25051 | Elf:1    | Gained mutation: You have a pair of antennae on your head.
                  | [Jiyva's grace]
 25051 | Elf:1    | Gained mutation: You have a pair of large antennae on your
                  | head. (SInv) [Jiyva's grace]
 25051 | Elf:1    | Gained mutation: Your pliable body absorbs attacks. (AC +2,
                  | EV +2) [Jiyva's grace]
 25326 | Elf:1    | Noticed Louise
 25350 | Elf:1    | Killed Louise
 25696 | Snake:1  | Entered Level 1 of the Snake Pit
 25696 | Snake:1  | Noticed Agnes
 25706 | Snake:1  | Killed Agnes
 25707 | Snake:1  | Reached skill level 22 in Unarmed Combat
 25816 | Snake:1  | Noticed Aizul
 25832 | Lair:2   | HP: 2/188 [shock serpent (14)]
 26318 | Snake:1  | Noticed Rupert
 26352 | Lair:2   | Killed Aizul
 26384 | Lair:2   | Killed Rupert
 26601 | Snake:1  | Found a transporter.
 26621 | Snake:1  | Identified the ring of Kipisize {Wiz rPois rC+ rCorr Dex+3}
 26622 | Snake:1  | Found a transporter.
 27137 | Snake:2  | Reached XP level 19. HP: 143/197 MP: 18/18
 27171 | Snake:2  | Identified the +11 hand axe "Quaxzoku" {vorpal, rCorr}
 27230 | Snake:2  | You fall into a shaft and drop 1 floor!
 27280 | Snake:3  | Reached skill level 5 in Armour
 27999 | Snake:2  | Lost mutation: You are very agile. (Dex +8, Str/Int -2)
                  | [Jiyva's grace]
 27999 | Snake:2  | Lost mutation: You have a small jelly attached to you that
                  | senses nearby items. [Jiyva's grace]
 27999 | Snake:2  | Gained mutation: You possess an exceptional clarity of
                  | mind. [Jiyva's grace]
 27999 | Snake:2  | Gained mutation: You have large cloven feet. [Jiyva's
                  | grace]
 27999 | Snake:2  | Gained mutation: You have hoof-like feet. [Jiyva's grace]
 27999 | Snake:2  | Gained mutation: You have hooves in place of feet. [Jiyva's
                  | grace]
 28310 | Snake:2  | Found Bomawe's Book Emporium.
 28311 | Snake:2  | Found Xefere's Jewellery Boutique.
 28313 | Snake:2  | Found Dighoawos's Book Emporium.
 28353 | Snake:3  | Noticed Mlioglotl
 28361 | Snake:3  | Killed Mlioglotl
 28844 | Snake:3  | Noticed Roxanne
 28858 | Snake:3  | Killed Roxanne
 29053 | Snake:4  | Entered Level 4 of the Snake Pit
 29102 | Snake:4  | Reached skill level 23 in Unarmed Combat
 29144 | Snake:4  | Noticed Nikola
 29192 | Snake:4  | Killed Nikola
 29888 | Snake:4  | Reached XP level 20. HP: 125/209 MP: 19/19
 30157 | Snake:4  | Got a serpentine rune of Zot
 30421 | Snake:4  | Lost mutation: You possess an exceptional clarity of mind.
                  | [Jiyva's grace]
 30421 | Snake:4  | Lost mutation: Your flesh is cold resistant. (rC+) [Jiyva's
                  | grace]
 30421 | Snake:4  | Lost mutation: Your body has grown many eyes which may
                  | confuse attackers. (Acc +5) [Jiyva's grace]
 30421 | Snake:4  | Lost mutation: Your body has grown eyes which may confuse
                  | attackers. (Acc +3) [Jiyva's grace]
 30421 | Snake:4  | Lost mutation: Armour fits poorly on your massive
                  | pseudopods. [Jiyva's grace]
 30421 | Snake:4  | Gained mutation: You are very agile. (Dex +8, Str/Int -2)
                  | [Jiyva's grace]
 30421 | Snake:4  | Gained mutation: You heal very quickly. [Jiyva's grace]
 30421 | Snake:4  | Gained mutation: You regenerate. [Jiyva's grace]
 30421 | Snake:4  | Gained mutation: You expend magic power (3 MP) to
                  | strengthen your wands. [Jiyva's grace]
 30800 | Vaults:1 | Entered Level 1 of the Vaults
 30938 | Vaults:1 | Reached skill level 15 in Fighting
 31065 | Abyss:2  | Cast into level 2 of the Abyss (a wizard)
 31181 | Abyss:2  | Noticed a bone dragon
 31200 | Abyss:2  | Killed a bone dragon
 31377 | Vaults:1 | Escaped the Abyss
 31466 | Vaults:1 | Reached skill level 24 in Unarmed Combat
 31714 | Vaults:1 | Reached skill level 10 in Evocations
 31882 | Vaults:1 | Lost mutation: You regenerate. [Jiyva's grace]
 31882 | Vaults:1 | Lost mutation: Your pliable body absorbs attacks. (AC +2,
                  | EV +2) [Jiyva's grace]
 31882 | Vaults:1 | Lost mutation: Armour fits poorly on your large pseudopods.
                  | [Jiyva's grace]
 31882 | Vaults:1 | Lost mutation: Armour fits poorly on your pseudopods.
                  | [Jiyva's grace]
 31882 | Vaults:1 | Lost mutation: Your translucent skin reduces your foes'
                  | accuracy. (Stealth+) [Jiyva's grace]
 31882 | Vaults:1 | Gained mutation: Your spells are a little harder to cast,
                  | but a little more powerful. [Jiyva's grace]
 31882 | Vaults:1 | Gained mutation: Your spells are harder to cast, but more
                  | powerful. [Jiyva's grace]
 31882 | Vaults:1 | Gained mutation: Your spells are much harder to cast, but
                  | much more powerful. [Jiyva's grace]
 31882 | Vaults:1 | Gained mutation: Your translucent skin reduces your foes'
                  | accuracy. (Stealth+) [Jiyva's grace]
 32221 | Vaults:1 | You fall into a shaft and drop 1 floor!
 32694 | Vaults:2 | Reached XP level 21. HP: 203/219 MP: 20/20
 32856 | Vaults:2 | Identified the +8 arbalest "Arcanum" {penet, rElec Str+2
                  | Int+7}
 32860 | Vaults:2 | Identified the +9 arbalest "Isesoc" {speed, rPois rN+
                  | Dex+3}
 32976 | Vaults:2 | Got the Atlas of Pyromania
 33003 | Vaults:2 | Found Dempuc's Assorted Antiques.
 33065 | Vaults:2 | Bought a scroll of blinking for 262 gold pieces
 33065 | Vaults:2 | Bought a potion of might for 140 gold pieces
 33065 | Vaults:2 | Bought a potion of might for 140 gold pieces
 33065 | Vaults:2 | Bought a steaming lead ring for 175 gold pieces
 33065 | Vaults:2 | Identified the ring of the Iron Devil {Fly rC+} (You bought
                  | it in a shop on level 2 of the Vaults)
 33161 | Vaults:2 | Lost mutation: You have hooves in place of feet. [Jiyva's
                  | grace]
 33161 | Vaults:2 | Lost mutation: Your spells are much harder to cast, but
                  | much more powerful. [Jiyva's grace]
 33161 | Vaults:2 | Lost mutation: Your rubbery body absorbs attacks. (AC +1,
                  | EV +1) [Jiyva's grace]
 33161 | Vaults:2 | Gained mutation: Your transparent skin significantly
                  | reduces your foes' accuracy. (Stealth+) [Jiyva's grace]
 33161 | Vaults:2 | Gained mutation: Your system is resistant to poisons.
                  | (rPois) [Jiyva's grace]
 33161 | Vaults:2 | Gained mutation: You have a small jelly attached to you
                  | that may absorb projectiles. [Jiyva's grace]
 33161 | Vaults:2 | Gained mutation: Your muscles are strong. (Str +4, Int/Dex
                  | -1) [Jiyva's grace]
 34077 | Vaults:3 | Found a staircase to the Crypt.
 34077 | Vaults:3 | Found an ancient bone altar of Kikubaaqudgha.
 34077 | Vaults:3 | Found a basalt altar of Yredelemnul.
 34385 | Vaults:3 | Reached skill level 25 in Unarmed Combat
 34647 | Vaults:3 | Noticed Bai Suzhen
 34656 | Vaults:3 | Killed Bai Suzhen
 34921 | Vaults:3 | Lost mutation: You have a pair of large antennae on your
                  | head. (SInv) [Jiyva's grace]
 34921 | Vaults:3 | Lost mutation: You have hoof-like feet. [Jiyva's grace]
 34921 | Vaults:3 | Lost mutation: You are very agile. (Dex +8, Str/Int -2)
                  | [Jiyva's grace]
 34921 | Vaults:3 | Gained mutation: Your flesh is cold resistant. (rC+)
                  | [Jiyva's grace]
 34921 | Vaults:3 | Gained mutation: Your flesh is very cold resistant. (rC++)
                  | [Jiyva's grace]
 34921 | Vaults:3 | Gained mutation: Your flesh is almost immune to the effects
                  | of cold. (rC+++) [Jiyva's grace]
 34921 | Vaults:3 | Gained mutation: You have hidden genetic potential.
                  | [Jiyva's grace]
 34967 | Vaults:3 | Noticed Asterion
 34975 | Vaults:3 | Killed Asterion
 36283 | Depths:1 | Entered Level 1 of the Depths
 36329 | Depths:1 | Reached skill level 5 in Dodging
 36344 | Depths:1 | Lost mutation: You are partially covered in iridescent
                  | scales. (AC +2) [Jiyva's grace]
 36344 | Depths:1 | Lost mutation: Your flesh is almost immune to the effects
                  | of cold. (rC+++) [Jiyva's grace]
 36344 | Depths:1 | Lost mutation: Your flesh is very cold resistant. (rC++)
                  | [Jiyva's grace]
 36344 | Depths:1 | Gained mutation: You have a small jelly attached to you
                  | that senses nearby items. [Jiyva's grace]
 36344 | Depths:1 | Gained mutation: Armour fits poorly on your pseudopods.
                  | [Jiyva's grace]
 36344 | Depths:1 | Gained mutation: Armour fits poorly on your large
                  | pseudopods. [Jiyva's grace]
 36344 | Depths:1 | Gained mutation: Armour fits poorly on your massive
                  | pseudopods. [Jiyva's grace]
 36396 | Depths:1 | Reached XP level 22. HP: 208/231 MP: 21/21
 36468 | Depths:1 | Noticed a juggernaut
 36482 | Depths:1 | Killed a juggernaut
 36505 | Depths:1 | Identified the +4 scale mail of the Forgotten Friends {rC+
                  | Str+4}
 36565 | Depths:1 | Found a gateway to Hell.
 36798 | Depths:1 | Reached skill level 10 in Armour
 37122 | Depths:2 | Acquired the +12 fire dragon scales of True Grit {rF++ rC-
                  | rCorr Str-4 Dex+6 Stlth+}
 37278 | Depths:2 | Found a bloodstained altar of Trog.
 37333 | Depths:2 | You fall into a shaft and drop 1 floor!
 37333 | Depths:3 | Found a one-way gateway to a ziggurat.
 37653 | Depths:2 | Noticed Saint Roka
 37672 | Depths:2 | Killed Saint Roka
 37822 | Depths:2 | Gained mutation: You passively dampen the noise of your
                  | surroundings. [hidden potential]
 38020 | Depths:2 | Found a one-way gate leading to the halls of Pandemonium.
 38040 | Depths:2 | Reached skill level 26 in Unarmed Combat
 38224 | Depths:2 | Noticed the Enchantress
 38247 | Depths:2 | Killed the Enchantress
 38746 | Depths:3 | Lost mutation: You are agile. (Dex +4, Str/Int -1) [Jiyva's
                  | grace]
 38746 | Depths:3 | Lost mutation: Your system is resistant to poisons. (rPois)
                  | [Jiyva's grace]
 38746 | Depths:3 | Lost mutation: Armour fits poorly on your massive
                  | pseudopods. [Jiyva's grace]
 38746 | Depths:3 | Lost mutation: Armour fits poorly on your large pseudopods.
                  | [Jiyva's grace]
 38746 | Depths:3 | Gained mutation: You have a pair of large antennae on your
                  | head. (SInv) [Jiyva's grace]
 38746 | Depths:3 | Gained mutation: You have hoof-like feet. [Jiyva's grace]
 38746 | Depths:3 | Gained mutation: You have hooves in place of feet. [Jiyva's
                  | grace]
 38746 | Depths:3 | Gained mutation: Your system is resistant to poisons.
                  | (rPois) [Jiyva's grace]
 38947 | Depths:3 | Noticed Boris
 39028 | Depths:3 | Noticed a juggernaut
 39035 | Depths:3 | Reached XP level 23. HP: 241/241 MP: 22/22
 39051 | Depths:3 | Killed a juggernaut
 39096 | Depths:3 | Noticed a juggernaut
 39110 | Depths:3 | Killed a juggernaut
 39122 | Depths:3 | Noticed a juggernaut
 39128 | Depths:3 | Killed a juggernaut
 39140 | Depths:3 | Identified the +5 spear "Zofuilis" {freeze, rPois rF- Will+
                  | Stlth+}
 39345 | Depths:3 | Noticed a juggernaut
 39360 | Depths:3 | Killed a juggernaut
 39441 | Depths:3 | Found a one-way gate to the infinite horrors of the Abyss.
 39669 | Depths:4 | Entered Level 4 of the Depths
 39679 | Depths:4 | Killed Boris
 39714 | Depths:4 | Identified the +2 ring mail of Valiance {Rampage rCorr}
 39793 | Depths:4 | Found a gate to the Realm of Zot.
 40915 | D:4      | Bought a manual of Evocations for 800 gold pieces
 41122 | Orc:2    | Bought a potion of haste for 120 gold pieces
 41677 | Zot:1    | Entered Level 1 of the Realm of Zot
 42038 | Zot:1    | Gained mutation: You possess an exceptional clarity of
                  | mind. [hidden potential]
 42038 | Zot:1    | Lost mutation: You have hidden genetic potential. [hidden
                  | potential expressed]
 42382 | Zot:1    | Lost mutation: Your system is resistant to poisons. (rPois)
                  | [Jiyva's grace]
 42382 | Zot:1    | Lost mutation: Your spells are harder to cast, but more
                  | powerful. [Jiyva's grace]
 42382 | Zot:1    | Lost mutation: Your spells are a little harder to cast, but
                  | a little more powerful. [Jiyva's grace]
 42382 | Zot:1    | Lost mutation: Your transparent skin significantly reduces
                  | your foes' accuracy. (Stealth+) [Jiyva's grace]
 42382 | Zot:1    | Lost mutation: Your translucent skin reduces your foes'
                  | accuracy. (Stealth+) [Jiyva's grace]
 42382 | Zot:1    | Gained mutation: Your rubbery body absorbs attacks. (AC +1,
                  | EV +1) [Jiyva's grace]
 42382 | Zot:1    | Gained mutation: Your pliable body absorbs attacks. (AC +2,
                  | EV +2) [Jiyva's grace]
 42382 | Zot:1    | Gained mutation: Your gelatinous body deflects attacks. (AC
                  | +3, EV +3) [Jiyva's grace]
 42382 | Zot:1    | Gained mutation: A frigid envelope surrounds you and
                  | freezes all who hurt you. [Jiyva's grace]
 42467 | Zot:1    | Identified the +2 trident "Getiegud" {vorpal, Dex+2 Stlth+}
 42929 | Zot:2    | Reached skill level 27 in Unarmed Combat
 43061 | Zot:2    | Acquired 978 gold pieces
 43663 | Zot:3    | Reached XP level 24. HP: 247/253 MP: 22/22
 43787 | Zot:3    | Noticed Grunn
 43792 | Zot:3    | Killed Grunn
 45324 | Zot:5    | Entered Level 5 of the Realm of Zot
 45393 | Zot:5    | Lost mutation: You have a pair of large antennae on your
                  | head. (SInv) [Jiyva's grace]
 45393 | Zot:5    | Lost mutation: You have hooves in place of feet. [Jiyva's
                  | grace]
 45393 | Zot:5    | Lost mutation: A frigid envelope surrounds you and freezes
                  | all who hurt you. [Jiyva's grace]
 45393 | Zot:5    | Lost mutation: Your translucent skin slightly reduces your
                  | foes' accuracy. (Stealth+) [Jiyva's grace]
 45393 | Zot:5    | Gained mutation: Your system is resistant to poisons.
                  | (rPois) [Jiyva's grace]
 45393 | Zot:5    | Gained mutation: Armour fits poorly on your large
                  | pseudopods. [Jiyva's grace]
 45393 | Zot:5    | Gained mutation: Armour fits poorly on your massive
                  | pseudopods. [Jiyva's grace]
 45393 | Zot:5    | Gained mutation: You are partially covered in iridescent
                  | scales. (AC +2) [Jiyva's grace]
 45771 | Zot:5    | Reached skill level 15 in Shields
 46020 | Zot:5    | Reached skill level 10 in Dodging
 46183 | Zot:5    | Noticed a Killer Klown
 46194 | Zot:5    | Killed a Killer Klown
 46224 | Zot:5    | Noticed an orb of fire
 46236 | Zot:5    | Killed an orb of fire
 46256 | Zot:5    | Identified the +6 spear of Ninargh {venom, rC+ rCorr}
 46261 | Zot:5    | Noticed an orb of fire
 46294 | Zot:5    | Noticed a dread lich
 46308 | Zot:5    | Lost mutation: Your muscles are strong. (Str +4, Int/Dex
                  | -1) [an orb of fire]
 46312 | Zot:5    | Killed an orb of fire
 46313 | Zot:5    | Reached XP level 25. HP: 211/263 MP: 22/22
 46314 | Zot:5    | Paralysed by something for 3 turns
 46321 | Zot:5    | Killed a dread lich
 46559 | Zot:5    | Noticed a dread lich
 46560 | Zot:5    | Noticed an orb of fire
 46560 | Zot:5    | Noticed a dread lich
 46560 | Zot:5    | Noticed an orb of fire
 46560 | Zot:5    | Gained mutation: You are weak. (Str -2) [an orb of fire]
 46561 | Zot:5    | Gained mutation: You are clumsy. (Dex -2) [an orb of fire]
 46563 | Zot:5    | Lost mutation: Your gelatinous body deflects attacks. (AC
                  | +3, EV +3) [an orb of fire]
 46564 | Zot:5    | Noticed a Killer Klown
 46565 | Zot:5    | Paralysed by a dread lich for 5 turns
 46868 | Zot:5    | Noticed an orb of fire
 46874 | Zot:5    | Paralysed by something for 2 turns
 46885 | Zot:5    | Gained mutation: You are very weak. (Str -4) [an orb of
                  | fire]
 46886 | Zot:5    | Killed an orb of fire
 46899 | Zot:5    | Killed an orb of fire
 46903 | Zot:5    | Killed a Killer Klown
 46926 | Zot:5    | Killed a dread lich
 47007 | Zot:5    | HP: 9/236 [electric golem (6)]
 47155 | Zot:5    | Killed a dread lich
 47294 | Zot:5    | Noticed an orb of fire
 47312 | Zot:5    | Killed an orb of fire
 47347 | Zot:5    | Noticed an orb of fire
 47379 | Zot:5    | Killed an orb of fire
 47440 | Zot:5    | Killed an orb of fire
 47493 | Zot:5    | Noticed a Killer Klown
 47508 | Zot:5    | Killed a Killer Klown
 47509 | Zot:5    | Reached skill level 15 in Evocations
 48070 | Vaults:5 | Entered Level 5 of the Vaults
 48217 | Vaults:5 | Noticed Boris
 48250 | Vaults:5 | Killed Boris
 48536 | Vaults:5 | Reached XP level 26. HP: 275/275 MP: 22/22
 48555 | Vaults:5 | Noticed a dread lich
 48570 | Vaults:5 | Killed a dread lich
 48597 | Vaults:5 | Noticed a dread lich
 48607 | Vaults:5 | Killed a dread lich
 48609 | Vaults:5 | Noticed Mennas
 48657 | Vaults:5 | Found the ring of the Hare {EV+8}
 48694 | Vaults:5 | Killed Mennas
 48715 | Vaults:5 | Identified the +6 spear "Mourouxt" {antimagic, rF+ rC+
                  | Will- Stlth+}
 48848 | Vaults:5 | Noticed Sojobo
 48872 | Vaults:5 | Killed Sojobo
 48876 | Vaults:5 | Noticed a dread lich
 48885 | Vaults:5 | Killed a dread lich
 48966 | Vaults:5 | Identified the +5 morningstar of Famine {distort, Str+8}
 49077 | Vaults:5 | Identified the +11 morningstar of Juoplor {elec, rF+ rN+
                  | Will-}
 49168 | Vaults:5 | Got the Tome of Chilling Fog
 49386 | Vaults:5 | Found the +8 longbow "Zephyr" {speed, Dex+3 SInv}
 49474 | Vaults:5 | Got a silver rune of Zot
 49882 | Elf:2    | Found a runed translucent gate.
 49883 | Elf:2    | Found a runed translucent gate.
 49883 | Elf:2    | Found a runed translucent gate.
 49906 | Elf:2    | Lost mutation: You have a pair of antennae on your head.
                  | [Jiyva's grace]
 49906 | Elf:2    | Lost mutation: You have hoof-like feet. [Jiyva's grace]
 49906 | Elf:2    | Lost mutation: You are partially covered in iridescent
                  | scales. (AC +2) [Jiyva's grace]
 49906 | Elf:2    | Lost mutation: Your system is resistant to poisons. (rPois)
                  | [Jiyva's grace]
 49906 | Elf:2    | Lost mutation: You are very weak. (Str -4) [Jiyva's grace]
 49906 | Elf:2    | Lost mutation: You have a small jelly attached to you that
                  | senses nearby items. [Jiyva's grace]
 49906 | Elf:2    | Lost mutation: You have a small jelly attached to you that
                  | may absorb projectiles. [Jiyva's grace]
 49906 | Elf:2    | Gained mutation: Your body has grown eyes which may confuse
                  | attackers. (Acc +3) [Jiyva's grace]
 49906 | Elf:2    | Gained mutation: Your body has grown many eyes which may
                  | confuse attackers. (Acc +5) [Jiyva's grace]
 49906 | Elf:2    | Gained mutation: Your body is covered in eyes which may
                  | confuse attackers. (Acc +7, SInv) [Jiyva's grace]
 49906 | Elf:2    | Gained mutation: You are resistant to electric shocks.
                  | (rElec) [Jiyva's grace]
 49958 | Elf:2    | Got the Papyrus of the Productive Sky
 50147 | Elf:2    | Found Zyweydag's Distillery.
 50149 | Elf:2    | Reached skill level 15 in Armour
 50179 | Elf:2    | Bought 2 potions of heal wounds for 190 gold pieces
 50179 | Elf:2    | Bought a potion of might for 76 gold pieces
 50179 | Elf:2    | Bought a potion of invisibility for 152 gold pieces
 50179 | Elf:2    | Bought a potion of might for 76 gold pieces
 50179 | Elf:2    | Bought a potion of curing for 57 gold pieces
 50179 | Elf:2    | Bought a potion of curing for 57 gold pieces
 50659 | Elf:3    | Entered Level 3 of the Elven Halls
 50975 | Elf:3    | Found a runed translucent gate.
 50975 | Elf:3    | Found a runed translucent gate.
 50975 | Elf:3    | Found a runed translucent gate.
 51407 | Elf:3    | Found the +2 Maxwell's thermic engine {flame, freeze}
 51449 | Elf:3    | Identified the +6 scale mail "Naumiys" {Int+6}
 51458 | Elf:3    | Identified the ring "Qileitt" {rC+ rCorr Int+4}
 51462 | Elf:3    | Identified the +4 flail "Pewn" {antimagic, rPois rF++ Dex-3
                  | SInv}
 51483 | Elf:3    | Identified the +1 robe of the Arcane {-Cast Slay+4 SInv}
 51490 | Elf:3    | Identified the +4 leather armour of Nilutur {rPois Will++
                  | Slay+3}
 51712 | Elf:3    | Found a runed translucent gate.
 51712 | Elf:3    | Found a runed translucent gate.
 51715 | Elf:3    | Found a runed translucent gate.
 51715 | Elf:3    | Noticed Seidenschwarz's ghost (adept MiFi)
 51745 | Elf:3    | Killed Seidenschwarz's ghost
 52080 | Depths:3 | Voluntarily entered the Abyss.
 52113 | Abyss:2  | Lost mutation: You possess an exceptional clarity of mind.
                  | [Jiyva's grace]
 52113 | Abyss:2  | Lost mutation: You are weak. (Str -2) [Jiyva's grace]
 52113 | Abyss:2  | Lost mutation: Your body is covered in eyes which may
                  | confuse attackers. (Acc +7, SInv) [Jiyva's grace]
 52113 | Abyss:2  | Lost mutation: Armour fits poorly on your massive
                  | pseudopods. [Jiyva's grace]
 52113 | Abyss:2  | Gained mutation: Your muscles are strong. (Str +4, Int/Dex
                  | -1) [Jiyva's grace]
 52113 | Abyss:2  | Gained mutation: Your muscles are very strong. (Str +8,
                  | Int/Dex -2) [Jiyva's grace]
 52113 | Abyss:2  | Gained mutation: You have hidden genetic potential.
                  | [Jiyva's grace]
 52113 | Abyss:2  | Gained mutation: You have great hidden genetic potential.
                  | [Jiyva's grace]
 52303 | Abyss:2  | Reached XP level 27. HP: 286/286 MP: 22/22
 52532 | Abyss:2  | Found a basalt altar of Yredelemnul.
 52550 | Abyss:2  | Found a basalt altar of Yredelemnul.
 53056 | Abyss:3  | Lost mutation: You are clumsy. (Dex -2) [Jiyva's grace]
 53056 | Abyss:3  | Lost mutation: Your body has grown many eyes which may
                  | confuse attackers. (Acc +5) [Jiyva's grace]
 53056 | Abyss:3  | Lost mutation: Your body has grown eyes which may confuse
                  | attackers. (Acc +3) [Jiyva's grace]
 53056 | Abyss:3  | Lost mutation: You have great hidden genetic potential.
                  | [Jiyva's grace]
 53056 | Abyss:3  | Lost mutation: You passively dampen the noise of your
                  | surroundings. [Jiyva's grace]
 53056 | Abyss:3  | Gained mutation: Your mind is acute. (Int +4, Str/Dex -1)
                  | [Jiyva's grace]
 53056 | Abyss:3  | Gained mutation: Your mind is very acute. (Int +8, Str/Dex
                  | -2) [Jiyva's grace]
 53056 | Abyss:3  | Gained mutation: Your melee attacks may engulf your foes in
                  | ooze. [Jiyva's grace]
 53056 | Abyss:3  | Gained mutation: You are strong-willed. (Will+) [Jiyva's
                  | grace]
 53357 | Depths:3 | Escaped the Abyss
 53655 | Zot:5    | Got the Orb of Zot
 53663 | Zot:5    | Noticed Onehuc the pandemonium lord
 53793 | Depths:4 | Noticed Corphanuz the pandemonium lord
 54197 | D:$      | Escaped with the Orb!

Illustrated notes

Levels and vault maps discovered:
D:1:      dpeg_arrival_tiny_a, layout_rooms, serial_rivers,
          chequers_serial_rivers_marsh, chequers_serial_rivers_small_3,
          chequers_serial_rivers_large_a, chequers_serial_rivers_room_a,
          st_stairs_8, chequers_avenue, kennysheep_minor_cross
D:2:      layout_basic, basic_altar, ebering_ecumenical_altar_sacrificial
D:3:      minmay_wonky_spiral, layout_loops_ring, good_gods_mini_temple,
          lightli_temple_of_fire, grunt_gozag_statues,
          mainiacjoe_overflow_cross_hatched, minmay_puff
D:4:      layout_basic, kennysheep_mini_moat, nicolae_shop_vocational,
          uniq_grinder
D:5:      layout_basic, mainiacjoe_overflow_alcove_1,
          minmay_temple_entry_purple_smoke, cheibrodos_sewer_entry_drain,
          chequers_jeans, chequers_serial_rivers_micro_e
D:6:      layout_layer_cave, uniq_eustachio
D:7:      layout_basic, mainiacjoe_overflow_concentric_impassable,
          nicolae_specific_store
D:8:      layout_cave_pods, mainiacjoe_overflow_catwalk,
          due_lair_maze_entry_diamond
D:9:      layout_big_octagon, uniq_erolcha, uniq_maurice
D:10:     layout_irregular_city, old_standard_altar,
          hellmonk_ghost_happy_afterlife
D:11:     layout_roguey
D:12:     thingy_vault, layout_cave_pools, minmay_orc_entry_temple_small,
          serial_shops, shop_coins, nicolae_shop_stone,
          nicolae_shop_statue_plus, special_room [special_room_orc],
          minmay_misc_feat_chi, kennysheep_boxes
D:13:     layout_long_grid
D:14:     layout_cave_pools, ximxim_vaults_locker_room,
          infiniplex_staircase_hallway_doors, uniq_azrael
D:15:     grunt_enter_depths_magical_seal, layout_rooms, nrook_mini_backslash,
          beargit_elvish_explorers
Temple:   grunt_temple_mini_profane
Lair:1:   layout_regular_city, infiniplex_staircase_pool_2
Lair:2:   layout_layer_cave, guppyfry_snake_entry_garden, enter_volcano_3,
          beast_lair_carwin_8, uniq_maggie
Lair:3:   layout_concentric_octagons, minmay_shoals_entry_beasts,
          portal_ice_cave_entry_ice_simulacra, gammafunk_ghost_hive
Lair:4:   layout_cave_pods, grunt_megastairs_2
Lair:5:   guppyfry_lair_end_dragon, layout_regular_city,
          hangedman_lair_tendril_chambers, slime_entry_1, grunt_megastairs_3,
          lemuel_fruit_tree
Shoals:1: layout_shoals
Shoals:2: layout_shoals
Shoals:3: cheibrodos_shoals_three_sisters, layout_shoals
Shoals:4: shoals_end_hellmonk_lost_city, uniq_polyphemus, uniq_mara
Snake:1:  gammafunk_sealed_arena, layout_grid_shapes, uniq_agnes, uniq_aizul,
          uniq_rupert
Snake:2:  layout_layer_cave, minmay_shop_grove
Snake:3:  nicolae_snakescales, layout_basic, special_room, uniq_mlioglotl,
          uniq_roxanne
Snake:4:  johnstein_snake_rune_scales, layout_gridlike, guppyfry_library_mini,
          uniq_nikola
Slime:1:  layout_caves
Slime:2:  cheibrodos_slime_lost_civilization_2, layout_caves
Slime:3:  layout_caves
Slime:4:  layout_caves
Slime:5
Orc:1:    layout_diamond_mine, nicolae_orc_damp_corner
Orc:2:    st_orc_pillars, layout_caves, serial_shops, nicolae_shop_crystal,
          basic_altar, guppyfry_orc_lava_fort, uniq_donald, uniq_josephine,
          uniq_nessos
Elf:1:    nicolae_elf_arrival_aired_out, layout_gridlike, minivault_28,
          minivault_14, uniq_louise
Elf:2:    nicolae_elf_blades_crystal_corner, layout_geoelf_diagonals,
          serial_shops, nicolae_lakefront_shop
Elf:3:    minmay_elf_hall_statues, layout_geoelf_octagon,
          ploomutoo_gammafunk_ghost_potion_laboratory,
          nicolae_elf_big_sculpture_3, nicolae_elf_variegated_diamond
Vaults:1: nicolae_vaults_circle_grid_a, v_misc_5, v_misc_16,
          hangedman_vaults_cutoff, nicolae_vaults_asterisk, v_misc_26, v_misc_2,
          nicolae_vaults_network_quinsquares
          [nicolae_vaults_network_quincunx_subvault,
          nicolae_vaults_network_quincunx_subvault,
          nicolae_vaults_network_quincunx_subvault,
          nicolae_vaults_network_quincunx_subvault], vaults_dpeg_cross,
          nicolae_vaults_ring_of_whatevers, nicolae_vaults_little_squares_1,
          layout_vaults_quadrants
Vaults:2: hangedman_vaults_slither, nicolae_vaults_quartermaster,
          ontoclasm_vaults_eye, ontoclasm_vaults_tryst, vaults_room_octagon,
          vaults_mumra_chevron, v_rooms_6, nicolae_vaults_yaktaur_gun_rack,
          vaults_dpeg_diagonal, nicolae_vaults_sealed_display,
          vaults_dpeg_emergency_exit, ontoclasm_vaults_decontamination,
          ontoclasm_vaults_gateway, layout_vaults_omnicross, serial_shops,
          nicolae_shop_overgrown_old_shop
Vaults:3: nicolae_vaults_specimen_jars, grunt_vaults_trifunnel,
          minmay_crypt_entry_necro_gods, hangedman_vaults_snaps,
          hangedman_vaults_capsules, v_misc_2, serial_ice_g,
          nicolae_vaults_mini_display_case, vaults_mumra_hexcomb,
          nicolae_vaults_little_ls, layout_vaults_chaotic_city, uniq_bai_suzhen,
          uniq_asterion
Vaults:4: vaults_mumra_minichess, ontoclasm_vaults_loading_screen,
          hangedman_vaults_cutoff, v_misc_3, grunt_vaults_twisty, v_misc_32,
          vaults_mumra_hex, vaults_room_pool, vaults_room_grid,
          layout_vaults_ring, uniq_margery
Vaults:5: uniq_sojobo, uniq_mennas, uniq_xtahua
Depths:1: minmay_strange_plus, layout_gridlike, serial_curves, eino_curves_04,
          eino_curves_03, grunt_metal_band, kennysheep_generic_room_2
Depths:2: spriggan_forest, hell_entry, serial_shops, pan_entry,
          uniq_enchantress, uniq_josephina, uniq_saint_roka
Depths:3: minmay_the_grid_square_5x5_4x4
          [minmay_the_grid_square_5x5_almost_minimal,
          minmay_the_grid_square_5x5_minivault, minmay_the_grid_square_5x5_plus,
          minmay_the_grid_square_5x5_inner_v,
          minmay_the_grid_square_5x5_n_small,
          minmay_the_grid_square_5x5_prize_waves,
          minmay_the_grid_square_5x5_prize_itemx,
          minmay_the_grid_square_5x5_tetrominoes,
          minmay_the_grid_square_5x5_percent,
          minmay_the_grid_square_5x5_prize_rear_guard,
          minmay_the_grid_square_5x5_prize_open,
          minmay_the_grid_square_5x5_inverted_slash,
          minmay_the_grid_square_5x5_bracketed,
          minmay_the_grid_square_5x5_eight_small,
          minmay_the_grid_square_5x5_fancy_junction,
          minmay_the_grid_square_5x5_empty], layout_gridlike, enter_ziggurat_f,
          hell_entry, minmay_door_square, hangedman_abyss_entry_splay,
          minmay_staircase_windowed_large, serial_bayou_shore_b, uniq_boris
Depths:4: evilmike_zot_entry_diamond, layout_gridville, hellmouth_1,
          chequers_serial_rivers_micro_e, drop_trap, serial_bayou_shore_b
Zot:1:    layout_twisted_circle, hangedman_spider_trapstep
Zot:2:    layout_misc_corridors, st_small_dragon_hoard_2
Zot:3:    layout_gridlike, uniq_grunn
Zot:4:    layout_concentric_octagons
Zot:5:    layout_gridlike, st_stairs_8, bh_zot_lava_cross

Skill      XL: |  1  2  3  4  5  6  7  8  9 10 11 12 13 14 15 16 17 18 19 20 21 22 23 24 25 26 27 |
---------------+----------------------------------------------------------------------------------+-----
Shields        | 3 4 5 6 7 8 9 10 11 12 13 14 15 16 18 | 18.4
Unarmed Combat | 3 4 5 6 7 9 10 12 13 14 17 19 21 22 23 24 25 26 27 | 27.0
Throwing       | 1 2 3 4 5 6 7 8 |  8.6
Fighting       | 3 4 5 6 7 8 9 10 11 13 14 15 16 17 18 19 | 19.0
Evocations     | 2 3 4 5 6 8 9 10 11 13 14 15 16 | 16.1
Armour         | 4 6 8 9 10 11 13 14 15 16 | 16.0
Dodging        | 5 6 8 10 12 13 14 | 14.1

Action                   |  1- 3 |  4- 6 |  7- 9 | 10-12 | 13-15 | 16-18 | 19-21 | 22-24 | 25-27 || total
-------------------------+-------+-------+-------+-------+-------+-------+-------+-------+-------++-------
Melee: Unarmed           |    77 |   101 |   333 |   614 |   647 |  1488 |  1547 |  1507 |  1265 ||  7579
       Bite              |       |       |    19 |    75 |   101 |    76 |       |       |       ||   271
       Broad axe         |       |       |       |       |     8 |    10 |       |       |       ||    18
       Pseudopods        |       |       |       |       |       |   356 |   239 |   406 |   316 ||  1317
       Kick              |       |       |       |       |       |       |   620 |   625 |   496 ||  1741
Throw: Dart              |       |    11 |     7 |    15 |     4 |       |       |       |       ||    37
       Boomerang         |       |       |       |       |       |       |     6 |       |       ||     6
Evoke: Wand              |       |       |       |       |       |     1 |     2 |       |     3 ||     6
       Box of beasts     |       |       |       |       |       |     1 |     2 |       |       ||     3
  Use: Scroll            |       |     2 |     5 |     8 |    10 |    27 |     7 |    15 |     8 ||    82
       Potion            |       |       |     1 |     6 |     1 |    10 |     4 |     5 |     6 ||    33
 Stab: Sleeping          |     1 |     1 |     1 |     2 |       |     2 |     4 |    15 |       ||    26
       Distracted        |       |       |     1 |     3 |       |     1 |     3 |     7 |       ||    15
       Confused          |       |       |       |       |       |    24 |    13 |       |     9 ||    46
       Petrified         |       |       |       |       |       |     4 |       |       |       ||     4
Armor: Robe              |    23 |     9 |    60 |    39 |       |       |       |       |       ||   131
       Acid dragon scale |       |       |       |    66 |    60 |    46 |       |       |       ||   172
       Steam dragon scal |       |       |       |     8 |    47 |       |       |       |       ||    55
       Fire dragon scale |       |       |       |       |       |   219 |   322 |   251 |       ||   792
       Gold dragon scale |       |       |       |       |       |       |       |   127 |   344 ||   471
Dodge: Dodged            |    15 |    22 |    95 |   194 |   124 |   312 |   226 |   245 |   192 ||  1425
Block: Kite shield       |    25 |    39 |   122 |   170 |       |       |       |       |       ||   356
       Tower shield      |       |       |       |   296 |   647 |  1622 |  1624 |  1237 |  1000 ||  6426
       Reflection        |       |       |       |       |       |   185 |   169 |    24 |    85 ||   463
